 Dungeon Crawl Stone Soup version 0.24.0-125-gc4c63601f3 (webtiles) character file.

Game seed: 3928727983896295097, levelgen mode: deterministic

6280 Frank2 the Basher (level 10, -9/80 HPs)
             Began as a Demonspawn Gladiator on Mar 21, 2020.
             Was a Priest of Qazlal.
             Mangled by an orc warrior
             ... wielding a +0 trident
             ... led by an orc knight
              (11 damage)
             ... on level 1 of the Orcish Mines.
             The game lasted 00:21:39 (8514 turns).

Frank2 the Basher (Demonspawn Gladiator)            Turns: 8514, Time: 00:21:40

Health: -9/80      AC: 11    Str: 15    XL:     10   Next: 63%
Magic:  0/13       EV: 19    Int: 10    God:    Qazlal [***...]
Gold:   478        SH:  3    Dex: 17    Spells: 9/9 levels left

rFire    . . .     SeeInvis .   d - +8 flail (crush)
rCold    . . .     Gourm    .   (no shield)
rNeg     . . .     Faith    .   A - +0 ring mail of Hepliaklqana's Whim {rPois} (curse)
rPois    +         Spirit   +   (helmet restricted)
rElec    .         Reflect  .   (no cloak)
rCorr    .         Harm     .   l - +2 pair of gloves
MR       .....                  (no boots)
Stlth    +.........             c - amulet of magic regeneration
HPRegen  0.23/turn              a - +2 ring of evasion
MPRegen  0.38/turn              s - +3 ring of evasion

@: about to teleport
A: horns 2, rugged brown scales 2, magic shield
a: Upheaval, Elemental Force, Renounce Religion


You were on level 1 of the Orcish Mines.
You worshipped Qazlal.
Qazlal was most pleased with you.
You were very hungry.

You visited 3 branches of the dungeon, and saw 11 of its levels.
You also visited: Bailey.

You collected 744 gold pieces.
You spent 266 gold pieces at shops.

Inventory:

Hand Weapons
 d - a +8 flail of crushing (weapon)
Armour
 l - a +2 pair of gloves (worn)
 A - the cursed +0 ring mail of Hepliaklqana's Whim (worn) {rPois}
   (You found it on level 8 of the Dungeon)

   It protects you from poison.
   It has a curse placed upon it.
Jewellery
 a - a +2 ring of evasion (left hand)
 c - an amulet of magic regeneration (around neck)
 o - an uncursed ring of protection from fire
 s - a +3 ring of evasion (right hand)
 w - an uncursed ring of see invisible
Wands
 t - a wand of paralysis (11)
 x - a wand of disintegration (14)
Scrolls
 b - 5 scrolls of remove curse
 y - a scroll of fog
 z - 2 scrolls of teleportation
 B - a scroll of enchant armour
 D - 2 scrolls of summoning
Potions
 e - 3 potions of lignification
 g - a potion of flight
 h - 3 potions of might {unknown}
 i - 2 potions of resistance
 j - 3 potions of ambrosia
 k - a potion of experience {unknown}
 m - 6 potions of curing
 p - 2 potions of brilliance {unknown}
 q - a potion of berserk rage {unknown}
 r - a potion of invisibility {unknown}
 u - a potion of mutation {unknown}
 v - a potion of magic {unknown}
Comestibles
 f - 21 rations


   Skills:
 + Level 6.5 Fighting
 + Level 10.3 Maces & Flails
 - Level 1.7 Throwing
 + Level 5.9 Armour
 + Level 5.8 Dodging
 * Level 4.8 Invocations
 * Level 3.6 Evocations


You had 9 spell levels left.
You didn't know any spells.
Your spell library contained the following spells:

 Spells                   Type           Power        Failure   Level  Hunger
 Confusing Touch          Hex            #.....       56%         1    ##.....
 Sandblast                Erth           #.....       56%         1    ##.....
 Passwall                 Tmut/Erth      #.......     71%         2    ###....
 Confuse                  Hex            #.......     90%         3    ####...
 Gell's Gravitas          Tloc           #.........   90%         3    ####...
 Stone Arrow              Conj/Erth      #.....       90%         3    ####...
 Petrify                  Tmut/Erth      #.......     100%        4    #####..
 Lee's Rapid Deconstruct  Erth           #.........   100%        5    ######.
 Metabolic Englaciation   Hex/Ice        #.........   100%        5    ######.
 Yara's Violent Unravell  Hex/Tmut       #.........   100%        5    ######.


Dungeon Overview and Level Annotations

Branches:
Dungeon (9/15)             Temple (1/1) D:6             Orc (1/2) D:9
 Bailey (visited)
   Lair: D:8-11

Altars:
Ashenzari
Cheibriados
Dithmenos
Elyvilon
Fedhas
Gozag
Hepliaklqana
Nemelex Xobeh
Okawaru
Qazlal
Ru
Uskayaw
Vehumet
Wu Jian
Xom
Yredelemnul
Zin

Shops:
D:9 ?


Innate Abilities, Weirdness & Mutations

You have a pair of horns on your head.
You are mostly covered in rugged brown scales. (AC +2, +5% HP)
When hurt, damage is shared between your health and your magic reserves.


Message History

Aim: an orc knight, wielding a +0 long sword of holy wrath and wearing a +0 chain mail (chance to defeat MR: 38%)
The orc knight resists with some effort.
You block the orc's attack.
The orc knight hits you with a +0 long sword of holy wrath!!
You convulse!!
* * * LOW HITPOINT WARNING * * *
Evoke which item? (* to show all) (? for menu, Esc to quit)
That's the wrong kind of item! (Use * to select it.) Evoke which item? (* to show all) (? for menu, Esc to quit)
Aiming: Paralyse
Press: ? - help, Shift-Dir - straight line, f/p - orc knight
Aim: an orc knight, wielding a +0 long sword of holy wrath and wearing a +0 chain mail (chance to defeat MR: 38%)
The orc knight suddenly stops moving!
The orc warrior hits you with a +0 dire flail!
* * * LOW HITPOINT WARNING * * *
An orc comes into view.
As you read the scroll of teleportation, it crumbles to dust.
You feel strangely unstable. The orc warrior misses you.
The orc warrior hits you from afar with a +0 trident!
You die...

..##.....
.........$..
...........
..^.#.....#
.........##
#........##
##........### ##
##.........#@#oo#.#
##.....<....ooooo..#
.............oooO..#
..........T....#....#
...##..#.....#####..#
.. ####....o# .. .
#.......# .
#........# #.........


You could see an orc knight (paralysed), a troll, 4 orc warriors, an ogre, an
orc wizard and 3 orcs.

Vanquished Creatures
  2 orc knights (Bailey)
  Prince Ribbit (D:9)
  A hippogriff (D:7)
  A spriggan (D:7)
  A wyvern (D:9)
  4 yaks (D:9)
  Edmund (D:5)
  A black bear (D:8)
  An ice beast (D:5)
  12 orc warriors
  6 ogres
  2 centaurs
  A big kobold (D:7)
  6 bullfrogs
  A scorpion (D:6)
  4 killer bees (D:8)
  4 howler monkeys
  3 crimson imps
  A quasit (D:7)
  5 hounds
  3 jellies
  2 orc priests
  3 bullfrog skeletons
  An iguana (D:5)
  9 orc wizards
  4 worker ants
  A killer bee zombie (D:5)
  A howler monkey zombie (D:6)
  2 worker ant zombies
  15 adders
  5 oozes
  2 adder zombies
  5 worms
  3 dart slugs
  5 leopard geckos
  60 orcs
  6 giant cockroaches
  5 goblins
  A hobgoblin (D:1)
  6 jackals
  5 quokkas
  2 ball pythons (D:3)
  5 bats
  3 frilled lizards
  16 kobolds
  A leopard gecko skeleton (D:4)
  A quokka skeleton (D:5)
  6 rats
236 creatures vanquished.

Notes
Turn   | Place    | Note
-------+----------+-------------------------------------------
     0 | D:1      | Frank2 the Demonspawn Gladiator began the quest for the
                  | Orb.
     0 | D:1      | Reached XP level 1. HP: 16/16 MP: 1/1
   344 | D:1      | Gained mutation: When hurt, damage is shared between your
                  | health and your magic reserves. [demonic ancestry]
   344 | D:1      | Reached XP level 2. HP: 22/22 MP: 2/2
   458 | D:1      | Reached skill level 3 in Maces & Flails
   877 | D:2      | Reached XP level 3. HP: 25/27 MP: 3/3
   945 | D:2      | Found a shattered altar of Ashenzari.
  1604 | D:3      | Gained mutation: You are partially covered in rugged brown
                  | scales. (AC +1, +3% HP) [demonic ancestry]
  1604 | D:3      | Reached XP level 4. HP: 28/35 MP: 4/4
  1626 | D:3      | Found a sacrificial altar of Ru.
  1767 | D:3      | Reached skill level 4 in Maces & Flails
  1767 | D:3      | Reached skill level 1 in Armour
  1826 | D:3      | Found a shimmering altar of Xom.
  1826 | D:3      | Found an iron altar of Okawaru.
  1861 | D:3      | Found a sparkling altar of Nemelex Xobeh.
  1871 | D:3      | You fall into a shaft and drop 1 floor!
  1955 | D:3      | Reached XP level 5. HP: 40/40 MP: 5/5
  2329 | D:3      | You fall into a shaft and drop 1 floor!
  2445 | D:3      | Reached skill level 5 in Maces & Flails
  2687 | D:4      | Reached XP level 6. HP: 43/47 MP: 4/6
  3421 | D:5      | Entered Level 5 of the Dungeon
  3423 | D:5      | Found a radiant altar of Vehumet.
  3514 | D:5      | Noticed Edmund
  3543 | D:5      | Killed Edmund
  3543 | D:5      | Gained mutation: You are mostly covered in rugged brown
                  | scales. (AC +2, +5% HP) [demonic ancestry]
  3543 | D:5      | Reached XP level 7. HP: 32/54 MP: 2/7
  3661 | D:5      | Reached skill level 6 in Maces & Flails
  3970 | D:5      | Gained mutation: You have a pair of small horns on your
                  | head. [demonic ancestry]
  3970 | D:5      | Reached XP level 8. HP: 63/63 MP: 8/8
  3984 | D:5      | Found a basalt altar of Yredelemnul.
  4085 | D:5      | Found a white marble altar of Elyvilon.
  4215 | D:6      | Found a shadowy altar of Dithmenos.
  4223 | D:6      | Reached skill level 7 in Maces & Flails
  4288 | D:6      | Found a staircase to the Ecumenical Temple.
  4380 | D:6      | Got a bloodstained leather armour
  4447 | D:6      | Found an ornate altar of the Wu Jian Council.
  4447 | D:6      | Found a glowing silver altar of Zin.
  4522 | D:6      | Found a blossoming altar of Fedhas.
  4530 | D:6      | Found a stormy altar of Qazlal.
  4792 | D:6      | Became a worshipper of Qazlal Stormbringer
  4829 | D:6      | Identified the +1 leather armour of Evudorgh {Str+3 Int+2}
                  | (You found it on level 6 of the Dungeon)
  4850 | D:7      | Reached skill level 8 in Maces & Flails
  4995 | D:7      | Reached * piety under Qazlal
  5138 | D:7      | Noticed a hippogriff
  5142 | D:7      | Killed a hippogriff
  5142 | D:7      | Reached XP level 9. HP: 51/70 MP: 6/9
  5185 | D:7      | Reached skill level 5 in Fighting
  5453 | D:8      | Found a snail-covered altar of Cheibriados.
  5484 | D:8      | Reached skill level 9 in Maces & Flails
  5502 | D:8      | Reached skill level 5 in Dodging
  5633 | D:8      | Reached skill level 5 in Armour
  6013 | D:8      | Got a pitted ring mail
  6027 | D:8      | Identified the cursed +0 ring mail of Hepliaklqana's Whim
                  | {rPois} (You found it on level 8 of the Dungeon)
  6431 | D:9      | Noticed Prince Ribbit
  6492 | D:9      | Killed Prince Ribbit
  6492 | D:9      | Reached skill level 1 in Invocations
  6519 | D:9      | Found Dur Foim's Magic Scroll Boutique.
  6525 | D:9      | Bought a scroll of enchant weapon for 105 gold pieces
  6525 | D:9      | Bought a scroll of enchant armour for 105 gold pieces
  6525 | D:9      | Bought a scroll of identify for 28 gold pieces
  6525 | D:9      | Bought a scroll of identify for 28 gold pieces
  6557 | D:9      | Reached skill level 1 in Evocations
  6725 | D:9      | Reached ** piety under Qazlal
  6736 | D:9      | Found a flagged portal.
  6760 | D:9      | Gained mutation: You have a pair of horns on your head.
                  | [demonic ancestry]
  6760 | D:9      | Reached XP level 10. HP: 60/79 MP: 11/11
  6773 | Bailey   | Entered a bailey
  7166 | Bailey   | Noticed an orc knight
  7206 | Bailey   | Reached skill level 10 in Maces & Flails
  7217 | Bailey   | Killed an orc knight
  7278 | Bailey   | Noticed an orc knight
  7464 | Bailey   | Killed an orc knight
  7771 | D:9      | Found an opulent altar of Gozag.
  7828 | D:9      | Reached *** piety under Qazlal
  8198 | D:9      | Found a staircase to the Orcish Mines.
  8289 | Temple   | Entered the Ecumenical Temple
  8498 | Orc:1    | Entered Level 1 of the Orcish Mines
  8503 | Orc:1    | Noticed an orc knight
  8513 | Orc:1    | HP: 2/80 [orc warrior/+0 dire flail[an orc knight] (14)]
  8514 | Orc:1    | Mangled by an orc warrior

Levels and vault maps discovered:
D:1:      evilmike_arrival_run_for_it, layout_loops_ring, minivault_5
D:2:      minmay_spotlight, layout_basic, lemuel_crystal_altar, first_ration
D:3:      layout_loops_ring, gammafunk_temple_overflow_wave,
          lemuel_coloured_pillars_altar, nicolae_overflow_crystal_walls
D:4:      layout_cave_pools
D:5:      layout_loops_cross, kennysheep_ying_yang, lemuel_crystal_altar,
          uniq_edmund
D:6:      layout_basic, grunt_temple_overflow_forces_of_nature,
          chequers_temple_overflow_statue_of_worship,
          minmay_temple_entry_large_hall, basic_altar, minivault_1,
          palyth_stone_intersect, item_on_display_a
D:7:      layout_cave_pools, the_bakery, grunt_ministairs_7,
          hangedman_decor_slide_cut
D:8:      layout_basic, basic_altar, hex_large
D:9:      layout_basic, nicolae_gozag_cash_rules_everything_around_me,
          orc_0_dummy, enter_bailey_6, serial_shops, shop, uniq_prince_ribbit1
Temple:   compressed_dpeg_triangle_lava_temple
Orc:1:    layout_diamond_mine

Skill      XL: |  1  2  3  4  5  6  7  8  9 10 |
---------------+-------------------------------+-----
Dodging        | 3 4 5 |  5.8
Maces & Flails | 3 4 5 6 8 9 10 | 10.3
Armour         | 1 2 3 4 5 |  5.9
Fighting       | 3 4 5 6 |  6.5
Invocations    | 2 4 |  4.8
Evocations     | 1 3 |  3.6
Throwing       | |  1.7

Action                   |  1- 3 |  4- 6 |  7- 9 | 10-12 || total
-------------------------+-------+-------+-------+-------++-------
Melee: Flail             |    95 |   279 |   365 |   125 ||   864
       Headbutt          |       |       |    61 |    14 ||    75
Throw: Throwing net      |     2 |     2 |       |       ||     4
Evoke: Wand              |       |       |       |    22 ||    22
  Use: Scroll            |     9 |     4 |    13 |     5 ||    31
       Potion            |       |     2 |       |     4 ||     6
 Stab: Held in net/web   |       |     2 |       |       ||     2
       Paralysed         |       |       |       |     8 ||     8
  Eat: Chunk             |     1 |     7 |    12 |     4 ||    24
Armor: Leather armour    |     2 |       |       |       ||     2
       Ring mail         |    36 |     4 |    14 |    22 ||    76
       Scale mail        |       |   134 |    95 |       ||   229
Dodge: Dodged            |    45 |   234 |   284 |   213 ||   776
Block: Other             |       |       |    10 |    35 ||    45
